 Dungeon Crawl Stone Soup version 0.30.0-29-ga12c61a403 (webtiles) character file.

Game seed: 16651484077244141522

4466 Bnni the Cleaver (level 10, 0/77 HPs)
             Began as a Formicid Warper on June 15, 2023.
             Was a Priest of Okawaru.
             Slain by a vampire mosquito (9 damage)
             ... on level 10 of the Dungeon.
             The game lasted 00:17:19 (9691 turns).

Bnni the Cleaver (Formicid Warper)                  Turns: 9691, Time: 00:17:19

Health: 0/77       AC: 10    Str: 21    XL:     10   Next: 64%
Magic:  15/15      EV: 10    Int: 12    God:    Okawaru [***...]
Gold:   208        SH: 10    Dex: 16    Spells: 4/13 levels left

rFire   . . .        g - +1 broad axe (flame)
rCold   . . .        q - +0 kite shield
rNeg    + . .        l - +0 swamp dragon scales
rPois   +            (helmet unavailable)
rElec   .            d - +0 cloak
rCorr   +            B - +0 pair of gloves {Dex+3}
SInv    +            (no boots)
Will    +....        (no amulet)
Stlth   +            o - ring of resist corrosion
HPRegen 0.32/turn    A - ring of positive energy
MPRegen 0.14/turn

%: no passive effects
@: no status effects
A: permanent stasis, dig shafts and tunnels, antennae 3, four strong arms
a: Dig, Shaft Self, Renounce Religion, Heroism


You were on level 10 of the Dungeon.
You worshipped Okawaru.
Okawaru was most pleased with you.
You visited 2 branches of the dungeon, and saw 11 of its levels.

You collected 418 gold pieces.
You spent 210 gold pieces at shops.

Inventory:

Hand Weapons
 g - a +1 broad axe of flaming (weapon)
 G - a +2 morningstar of freezing
Missiles
 w - 11 poisoned darts (quivered)
 H - 4 boomerangs
Armour
 d - a +0 cloak (worn)
 l - +0 swamp dragon scales (worn)
 q - a +0 kite shield (worn)
 y - a +0 plate armour
 B - a +0 pair of gloves of dexterity (worn)
Jewellery
 o - a ring of resist corrosion (left hand)
 A - a ring of positive energy (right hand)
 F - a ring of willpower
Wands
 b - a wand of digging (3)
 h - a wand of charming (23)
 D - a wand of roots (2)
Scrolls
 a - 7 scrolls of vulnerability
 e - 2 scrolls of noise {unknown}
 i - 2 scrolls of enchant armour {unknown}
 m - a scroll of butterflies {unknown}
 n - 4 scrolls of teleportation {unknown}
 r - 3 scrolls of poison {unknown}
 s - 3 scrolls of immolation {unknown}
 t - a scroll of silence
 C - a scroll of amnesia
 E - 3 scrolls of enchant weapon {unknown}
 I - a scroll of brand weapon {unknown}
Potions
 c - a potion of mutation {unknown}
 f - 2 potions of curing
 k - a potion of brilliance
 p - 2 potions of attraction {unknown}
 u - 2 potions of lignification {unknown}
 v - a potion of flight {unknown}
 x - a potion of cancellation
 z - 2 potions of berserk rage {unknown}


   Skills:
 + Level 6.9 Fighting
 * Level 8.9 Axes
 - Level 1.0 Throwing
 + Level 4.9 Armour
 - Level 1.7 Dodging
 * Level 4.8 Shields
 - Level 2.1 Spellcasting
 + Level 6.2 Translocations
 * Level 7.1 Invocations


You had 4 spell levels left.
You knew the following spells:

 Your Spells              Type           Power      Damage    Failure   Level
a - Lesser Beckoning      Tloc           32%        N/A       11%         2
b - Teleport Other        Tloc           16%        N/A       22%         3
f - Manifold Assault      Tloc           16%        N/A       58%         4

Your spell library contained the following spells:

 Spells                   Type           Power      Damage    Failure   Level
 Ignite Poison            Fire/Tmut/Pois 1%         N/A       96%         3
 Sticky Flame             Conj/Fire      1%         2d3       100%        4
 Ignition                 Fire           0%         3d3       100%        8
 Blink                    Tloc           Unusable   N/A       N/A         2
 Vhi's Electric Charge    Tloc/Air       Unusable   N/A       N/A         3

Dungeon Overview and Level Annotations

Branches:
Dungeon (10/15)            Temple (1/1) D:5            Lair (0/5) D:9
    Orc: D:9-12

Altars:
Ashenzari
Dithmenos
Elyvilon
Gozag
Hepliaklqana
Makhleb
Nemelex Xobeh
Okawaru
Qazlal
Ru
Sif Muna
Trog
Uskayaw
Vehumet
Wu Jian
Zin
The Shining One

Shops:
D:2 (   D:4 [   D:5 (   D:6 =


Innate Abilities, Weirdness & Mutations

You cannot be hasted, slowed, berserked, paralysed or teleported.
You can dig through walls and to a lower floor.
You have a pair of large antennae on your head. (SInv)
Your four strong arms can wield two-handed weapons with a shield.


Message History

The vampire mosquito bites you.
You block the vampire mosquito's attack.
You miss the vampire mosquito.
The vampire mosquito is severely damaged.
The vampire mosquito closely misses you.
The vampire mosquito bites you.
* * * LOW HITPOINT WARNING * * *
The vampire mosquito draws strength from your injuries!
You hit the vampire mosquito but do no damage.
The vampire mosquito is heavily damaged.
The vampire mosquito bites you.
* * * LOW HITPOINT WARNING * * *
The vampire mosquito draws strength from your injuries!
The vampire mosquito bites you.
* * * LOW HITPOINT WARNING * * *
You closely miss the vampire mosquito.
The vampire mosquito is heavily damaged.
The vampire mosquito closely misses you.
You block the vampire mosquito's attack. x2
Unknown command.
You hit the vampire mosquito but do no damage.
The vampire mosquito is heavily damaged.
You block the vampire mosquito's attack.
The vampire mosquito bites you!
* * * LOW HITPOINT WARNING * * *
The vampire mosquito draws strength from your injuries!
Unknown command.
You barely miss the vampire mosquito.
The vampire mosquito is moderately damaged.
The vampire mosquito bites you.
* * * LOW HITPOINT WARNING * * *
The vampire mosquito draws strength from your injuries!
You block the vampire mosquito's attack.
The vampire mosquito bites you but does no damage.
You feel better.
You block the vampire mosquito's attack. x2
You closely miss the vampire mosquito.
The vampire mosquito is moderately damaged.
The vampire mosquito bites you!
You die...

.. .# .. # #.#. ..
#.#.#. .# #.#.#. .#
#..... .# # ##....
#####.# #.###.)#..
#..@y.# ##.#.#.#.#.
#.##### #.#.#.#.#.#
#.# ##.#.#.#.#.
#.########.#.#.#.#.#
#.........#.#.#(#.#.
#..######..#.#.#.#.#
#..## ###.#.#.#.#.#.
##...###....#.#.#.#.#
##.....##<#.#.#.#.#.#.


You could see a vampire mosquito.

Vanquished Creatures
  Maggie (D:6)
  A hornet (D:8)
  Prince Ribbit (D:6)
  Sigmund (D:6)
  Eustachio (D:6)
  2 vampire mosquitoes (D:10)
  Edmund (Temple)
  An acid dragon (D:9)
  A water moccasin (D:6)
  3 orc warriors
  3 ice beasts
  2 sky beasts
  2 ogres
  A centaur (D:10)
  A phantom (D:6)
  A bullfrog (D:7)
  7 scorpions
  A gnoll sergeant (D:7)
  5 wights (D:7)
  5 orc priests
  4 hounds
  4 jellies
  Crazy Yiuf (D:6)
  2 gnoll boudas (D:7)
  3 iguanas
  9 orc wizards
  8 gnolls (D:7)
  5 adders
  A white imp (D:7)
  9 worms
  A dart slug (D:2)
  18 orcs
  8 ball pythons
  9 bats
  9 endoplasms
  16 giant cockroaches
  10 hobgoblins
  3 jackals
  6 quokkas
  2 frilled lizards
  3 goblins
  12 kobolds
  8 rats
192 creatures vanquished.

Notes
Turn   | Place    | Note
-------+----------+-------------------------------------------
     0 | D:1      | Bnni the Formicid Warper began the quest for the Orb.
     0 | D:1      | Reached XP level 1. HP: 16/16 MP: 3/3
    90 | D:1      | Reached XP level 2. HP: 22/23 MP: 5/5
   191 | D:1      | Learned a level 2 spell: Lesser Beckoning
   215 | D:1      | Found a faded altar of an unknown god.
   378 | D:1      | Reached XP level 3. HP: 20/28 MP: 6/6
   900 | D:2      | Reached skill level 3 in Axes
   940 | D:2      | Found Nasiek's Antique Weapon Shoppe.
  1025 | D:2      | Reached XP level 4. HP: 28/34 MP: 7/7
  1669 | D:2      | Reached XP level 5. HP: 27/41 MP: 8/8
  1808 | D:2      | Learned a level 4 spell: Manifold Assault
  1960 | D:3      | Found a shimmering blue altar of Sif Muna.
  2194 | D:3      | Reached skill level 4 in Axes
  2359 | D:3      | Noticed an ogre
  2375 | D:3      | Reached XP level 6. HP: 28/48 MP: 9/9
  2476 | D:3      | Killed an ogre
  2629 | D:3      | Reached skill level 5 in Axes
  2629 | D:3      | Reached XP level 7. HP: 34/54 MP: 10/10
  3151 | D:3      | Found a shadowy altar of Dithmenos.
  3152 | D:3      | Found an ornate altar of the Wu Jian Council.
  3155 | D:3      | Found a white marble altar of Elyvilon.
  3307 | D:4      | Learned a level 3 spell: Teleport Other
  3764 | D:4      | Found Giewn's Antique Armour Emporium.
  4089 | D:4      | Found a radiant altar of Vehumet.
  4188 | D:5      | Entered Level 5 of the Dungeon
  4361 | D:5      | Found a hide-covered altar of Uskayaw.
  4361 | D:5      | Noticed a +0 dagger
  4362 | D:5      | Noticed a +0 hand axe
  4387 | D:5      | Found a staircase to the Ecumenical Temple.
  4394 | D:5      | Noticed Edmund
  4400 | D:5      | Reached skill level 6 in Axes
  4410 | Temple   | Entered the Ecumenical Temple
  4427 | Temple   | Became a worshipper of Warmaster Okawaru
  4672 | Temple   | Killed Edmund
  4673 | Temple   | Reached skill level 5 in Fighting
  4673 | Temple   | Reached XP level 8. HP: 32/62 MP: 11/11
  5040 | D:5      | Found Ifa Cint's Weapon Shoppe.
  5227 | D:5      | Reached skill level 1 in Invocations
  5429 | D:4      | Bought a pair of embroidered gloves for 210 gold pieces
  5591 | D:6      | Reached * piety under Okawaru
  5634 | D:6      | Found Sopudal's Jewellery Shoppe.
  5660 | D:6      | Found an opulent altar of Gozag.
  5701 | D:6      | Reached skill level 5 in Translocations
  5757 | D:6      | Noticed Eustachio
  5775 | D:6      | Killed Eustachio
  5776 | D:6      | Reached skill level 7 in Axes
  5898 | D:6      | Reached XP level 9. HP: 68/68 MP: 12/12
  6082 | D:6      | Noticed Sigmund
  6094 | D:6      | Killed Sigmund
  6094 | D:6      | Reached ** piety under Okawaru
  6251 | D:6      | Noticed Maggie
  6270 | D:6      | Killed Maggie
  6612 | D:6      | Found a runed translucent door.
  6613 | D:6      | Noticed Crazy Yiuf
  6615 | D:6      | Noticed Prince Ribbit
  6848 | D:6      | Killed Crazy Yiuf
  6876 | D:6      | Killed Prince Ribbit
  6877 | D:6      | Reached skill level 5 in Invocations
  7138 | D:7      | Reached skill level 8 in Axes
  7282 | D:7      | You fall into a shaft and drop 2 floors!
  7282 | D:9      | Found a staircase to the Lair.
  7405 | D:8      | Noticed a hornet
  7410 | D:8      | Killed a hornet
  7411 | D:8      | Reached skill level 1 in Shields
  7548 | D:7      | Reached XP level 10. HP: 21/77 MP: 14/14
  8394 | D:7      | Reached *** piety under Okawaru
  8404 | D:7      | Found a bloodstained altar of Trog.
  8873 | D:8      | Found a sacrificial altar of Ru.
  9215 | D:8      | Noticed a tengu warrior
  9220 | D:8      | Noticed a deep elf pyromancer
  9224 | D:8      | You fall into a shaft and drop 2 floors!
  9224 | D:10     | Entered Level 10 of the Dungeon
  9346 | D:10     | Found a glowing silver altar of Zin.
  9594 | D:10     | Found a sparkling altar of Nemelex Xobeh.
  9689 | D:10     | HP: 3/77 [vampire mosquito (4)]
  9691 | D:10     | Slain by a vampire mosquito

Illustrated notes

Levels and vault maps discovered:
D:1:      saegor_arrival_simple_b, layout_loops_ring,
          hellmonk_ecumenical_altar_run_dry
D:2:      minmay_roachtagon, layout_loops_cross, serial_shops, shop_statue
D:3:      layout_loops_corners, mainiacjoe_overflow_boulevard,
          nicolae_overflow_hidden_temple, minmay_pentangle
D:4:      layout_loops_ring, mainiacjoe_overflow_alcove_4, serial_shops,
          kennysheep_little_box
D:5:      wad_lake_hut, layout_basic, dancing_weapons_uskayaw,
          minmay_temple_entry_statues_pillars, serial_shops, shop,
          nicolae_wormholes, uniq_edmund
D:6:      layout_loops_ring, grunt_gozag_breadcrumbs, serial_shops, shop,
          uniq_sigmund, uniq_maggie, uniq_eustachio, uniq_crazy_yiuf_cottage,
          uniq_prince_ribbit1
D:7:      layout_gridville, trog_butcher_becter, nicolae_grassy_gnolls
D:8:      minmay_cornered_nines, layout_loops_corners, fedhas_altar_1,
          nicolae_ru_path_of_blood, uniq_gastronok
D:9:      layout_small_grid, xom_redecorated, lair_entry_dummy,
          gammafunk_ghost_abyssal_escape, uniq_amaemon
D:10:     layout_loops_ring, gammafunk_temple_of_torment,
          mainiacjoe_overflow_paths, mainiacjoe_overflow_chevrons, slow_altar_1,
          minivault_23
Temple:   hellmonk_temple_two_chambers

Skill      XL: |  1  2  3  4  5  6  7  8  9 10 |
---------------+-------------------------------+-----
Translocations | 3 4 5 6 |  6.2
Axes           | 3 4 5 6 7 8 |  8.9
Fighting       | 3 4 5 6 |  6.9
Invocations    | 3 5 7 |  7.1
Armour         | 2 4 |  4.9
Shields        | 2 4 |  4.8
Throwing       | |  1.0
Dodging        | |  1.7
Spellcasting   | |  2.1

Action                     |  1- 3 |  4- 6 |  7- 9 | 10-12 || total
---------------------------+-------+-------+-------+-------++-------
  Melee: Hand axe          |    99 |   106 |       |       ||   205
         Punch             |     1 |       |     3 |       ||     4
         Mace              |       |    71 |   123 |       ||   194
         War axe           |       |       |   123 |       ||   123
         Broad axe         |       |       |    88 |   153 ||   241
  Throw: Boomerang         |       |     1 |     6 |       ||     7
         Dart              |       |       |    32 |       ||    32
 Invoke: Heroism           |       |       |     3 |     1 ||     4
Ability: Dig               |       |       |     1 |       ||     1
         Shaft Self        |       |       |       |     1 ||     1
  Evoke: Wand              |       |       |     4 |     1 ||     5
    Use: Potion            |       |     1 |     6 |     2 ||     9
         Scroll            |       |       |     9 |     2 ||    11
   Stab: Sleeping          |     3 |     1 |     1 |       ||     5
         Invisible         |       |     1 |     1 |       ||     2
         Distracted        |       |       |     1 |       ||     1
 Armour: Leather armour    |    15 |       |    18 |       ||    33
         Robe              |    20 |    71 |    60 |       ||   151
         Swamp dragon scal |       |       |    29 |    58 ||    87
  Dodge: Dodged            |    66 |   134 |   232 |    75 ||   507
         Repelled          |       |       |     1 |       ||     1
  Block: Kite shield       |       |       |     3 |   101 ||   104
